[Event "Titled Tuesday Blitz May 30 Early 2023"]
[White "Melian, Juan Sebastian"]
[Black "Koridze, Lile"]
[WhiteFideId "3706575"]
[BlackFideId "13612514"]
[WhiteElo "2092"]
[BlackElo "2047"]
[Result "1-0"]
[Round "03"]
[TimeControl "180+2"]
[Date "2023.05.30"]
[WhiteClock "0:00:05"]
[BlackClock "0:00:01"]

1. d4 Nf6 2. c4 e6 3. Nc3 Bb4 4. e3 O-O 5. a3 Bxc3+ 6. bxc3 b6 7. Bd3 Bb7 8. f3 d5 9. Ne2 Nbd7 10. O-O c5 11. Ng3 Rc8 12. Qe2 cxd4 13. cxd4 Qe7 14. Bb2 dxc4 15. Bxc4 Bd5 16. Bd3 e5 17. Nf5 Qe6 18. e4 Bc4 19. d5 Bxd3 20. Qxd3 Nc5 21. Qc3 Qd7 22. Qxe5 Rfe8 23. Qg3 Nh5 24. Qg5 g6 25. g4 f6 26. Qh6 gxf5 27. gxh5 Qg7+ 28. Qxg7+ Kxg7 29. Rad1 Kf7 30. d6 Rcd8 31. exf5 Rg8+ 32. Kf2 Rg5 33. Rfe1 Rd7 34. h4 Rxf5 35. Kg3 Rxh5 36. Kg4 Rh6 37. h5 Ne6 38. Bc1 f5+ 39. Kh4 f4 40. Re5 Rf6 41. Rdd5 h6 42. Bb2 Ng5 43. Kg4 Rfxd6 44. Rf5+ Kg8 45. Rxd6 Rxd6 46. Be5 Rd3 47. Rxf4 Rxa3 48. Bf6 Nf7 49. Rc4 Nd6 50. Rc6 Rd3 51. f4 Ne4 52. Be5 Nf2+ 53. Kf5 Nh3 54. Rc8+ Kf7 55. Rc7+ Ke8 56. Ke6 Nf2 57. Rc8+ Rd8 58. Rc7 Ne4 59. Rh7 Nc5+ 60. Kf5 Rd5 61. Kf6 Nd7+ 62. Ke6 Nxe5 63. Rh8# 1-0


[Site "https://www.chess.com"]

[Event "Titled Tuesday Blitz May 30 Early 2023"]
[White "Kiremitciyan, Ari"]
[Black "gao6969"]
[WhiteFideId "6373445"]
[WhiteElo "2181"]
[BlackElo "2365"]
[Result "1-0"]
[Round "03"]
[TimeControl "180+2"]
[Date "2023.05.30"]
[WhiteClock "0:01:39"]
[BlackClock "0:00:34"]

1. Nf3 Nf6 2. c4 e6 3. Nc3 d5 4. e3 Bb4 5. Qc2 O-O 6. a3 Bxc3 7. Qxc3 c5 8. cxd5 Qxd5 9. Bc4 Qd6 10. O-O b6 11. b3 Bb7 12. Bb2 Nbd7 13. d4 Ne4 14. dxc5 Nxc3 15. cxd6 Ne4 16. Rfd1 Rfd8 17. Rac1 Nf8 18. Be5 a6 19. Bd3 Nxd6 20. Bxd6 Rxd6 21. Bxh7+ Kxh7 22. Rxd6 Bd5 23. Rxb6 a5 24. e4 Bxe4 25. Ng5+ 1-0


[Site "https://www.chess.com"]

[Event "Titled Tuesday Blitz May 30 Early 2023"]
[White "Mushini Ajay"]
[Black "Shevtchenko, Olesya"]
[WhiteFideId "35066188"]
[BlackFideId "24131890"]
[WhiteElo "2145"]
[BlackElo "2003"]
[Result "1-0"]
[Round "03"]
[TimeControl "180+2"]
[Date "2023.05.30"]
[WhiteClock "0:01:03"]
[BlackClock "0:00:32"]

1. b3 e5 2. Bb2 Nc6 3. e3 d5 4. Nf3 e4 5. Ne5 Nxe5 6. Bxe5 Nf6 7. Be2 Bd6 8. Bb2 h5 9. f4 exf3 10. Bxf3 Qe7 11. Nc3 c6 12. Ne2 Bg4 13. Nd4 O-O-O 14. Bxg4+ Nxg4 15. Qf3 g6 16. c4 dxc4 17. Rc1 Ne5 18. Qh3+ Kb8 19. O-O Nd3 20. Rc2 Nxb2 21. Rxb2 c3 22. dxc3 f5 23. b4 h4 24. c4 Be5 25. Rd2 Qxb4 26. Rfd1 Bxd4 27. exd4 Qxc4 28. Qf3 h3 29. gxh3 Rhe8 30. Qg3+ Ka8 31. h4 Re4 32. h3 Rexd4 33. Rxd4 Rxd4 34. Re1 Rd5 35. Re8+ 1-0


[Site "https://www.chess.com"]

[Event "Titled Tuesday Blitz May 30 Early 2023"]
[White "Avalos Parra, Joao"]
[Black "Baghdasaryan, Vahe"]
[WhiteFideId "3402541"]
[BlackFideId "13303139"]
[WhiteElo "2173"]
[BlackElo "2216"]
[Result "0-1"]
[Round "03"]
[TimeControl "180+2"]
[Date "2023.05.30"]
[WhiteClock "0:00:02"]
[BlackClock "0:00:15"]

1. d4 d5 2. c4 c6 3. Nf3 Nf6 4. Nc3 e6 5. Bg5 dxc4 6. e4 b5 7. e5 h6 8. Bh4 g5 9. Nxg5 hxg5 10. Bxg5 Nbd7 11. g3 Qa5 12. exf6 b4 13. Ne4 Ba6 14. Bd2 O-O-O 15. a3 Qd5 16. Bg2 c3 17. bxc3 bxc3 18. Bxc3 Nxf6 19. Qa4 Bb5 20. Qxa7 Nxe4 21. Ba5 Bd6 22. a4 Bb8 23. Qxf7 Rhf8 24. Qh7 Qxd4 25. Rc1 Qxf2# 0-1


[Site "https://www.chess.com"]

[Event "Titled Tuesday Blitz May 30 Early 2023"]
[White "Sousa, Andre Ventura"]
[Black "Rose, Felix"]
[WhiteFideId "1917617"]
[BlackFideId "5105722"]
[WhiteElo "2333"]
[BlackElo "2039"]
[Result "1-0"]
[Round "03"]
[TimeControl "180+2"]
[Date "2023.05.30"]
[WhiteClock "0:00:53"]
[BlackClock "0:00:01"]

1. e4 c5 2. Nf3 e6 3. Nc3 a6 4. g3 b5 5. Bg2 Bb7 6. d3 Nc6 7. O-O Rc8 8. Ne1 h5 9. f4 h4 10. g4 h3 11. Bh1 Qh4 12. g5 Nd4 13. Be3 b4 14. Ne2 e5 15. Nxd4 cxd4 16. Bd2 Be7 17. Qf3 f5 18. fxe5 Bxg5 19. Qxf5 Be7 20. Nf3 Qh5 21. Nxd4 Bc5 22. Be3 Qxf5 23. Nxf5 g6 24. Bxc5 Rxc5 25. Nd6+ Ke7 26. Nxb7 Rc3 27. bxc3 1-0


[Site "https://www.chess.com"]

[Event "Titled Tuesday Blitz May 30 Early 2023"]
[White "Budrewicz, Krzysztof"]
[Black "Ardila, Oscar Humberto"]
[WhiteFideId "1127950"]
[BlackFideId "4404742"]
[WhiteElo "2230"]
[BlackElo "1918"]
[Result "1-0"]
[Round "03"]
[TimeControl "180+2"]
[Date "2023.05.30"]
[WhiteClock "0:00:17"]
[BlackClock "0:00:03"]

1. d4 Nf6 2. c4 g6 3. Nc3 Bg7 4. e4 d6 5. Be2 O-O 6. Bg5 h6 7. Be3 Nbd7 8. Qd2 Kh7 9. h4 Ng8 10. h5 g5 11. g4 c5 12. d5 Ne5 13. f3 Bd7 14. Nh3 a6 15. a4 Rb8 16. Nf2 Qc8 17. a5 Nf6 18. O-O Qc7 19. Ra3 Rbd8 20. Kg2 e6 21. Rfa1 exd5 22. cxd5 Rc8 23. Rb3 Rb8 24. Rb6 Bc8 25. Nh1 Nfd7 26. Rb3 c4 27. Rb4 Nc5 28. Bxc5 dxc5 29. Rba4 Bd7 30. R4a3 b6 31. axb6 Rxb6 32. Rxa6 Rfb8 33. Rxb6 Rxb6 34. Ng3 Qb8 35. Ra2 Nd3 36. Bxd3 cxd3 37. Qxd3 Rxb2+ 38. Rxb2 Qxb2+ 39. Nge2 Be5 40. Nd1 Qb4 41. Nec3 c4 42. Qc2 Qc5 43. Ne2 Qb4 44. Ne3 c3 45. Nd1 Ba4 46. Qc1 c2 47. Ne3 Qc5 48. Nf5 Bb5 49. Nfg3 Qc4 50. Qe3 Bf4 51. Qa3 c1=Q 52. Nxc1 Bxc1 53. Qe7 Qc2+ 54. Kh3 Bf4 55. Qxf7+ Kh8 56. Qf6+ Kh7 57. Qg6+ Kh8 58. Qxh6+ Kg8 59. Qg6+ Kf8 60. Qf6+ Ke8 61. Qe6+ Kd8 62. Qf6+ Kc8 63. Qf8+ Kb7 64. Qe7+ Kb6 65. Qd8+ Kc5 66. Qc8+ Kb4 67. Qxc2 Ka5 68. Qa2+ Kb6 69. Qb3 Bd6 70. Qxb5+ Kxb5 71. h6 Be5 72. Nf5 Kc5 73. Kg2 Kb5 74. Kf2 Kc4 75. Ke3 Kc3 76. Ke2 Kc2 77. d6 Bxd6 78. Nxd6 1-0


[Site "https://www.chess.com"]

[Event "Titled Tuesday Blitz May 30 Early 2023"]
[White "Sovetbekova, Nurai"]
[Black "ArrestingPieces"]
[WhiteFideId "13801910"]
[WhiteElo "1857"]
[BlackElo "2555"]
[Result "1-0"]
[Round "03"]
[TimeControl "180+2"]
[Date "2023.05.30"]
[WhiteClock "0:01:15"]
[BlackClock "0:01:12"]

1. d4 d5 2. c4 e6 3. Nc3 Be7 4. Nf3 Nf6 5. Bf4 O-O 6. e3 b6 7. Be2 Bb7 8. O-O Nbd7 9. cxd5 Nxd5 10. Nxd5 Bxd5 11. Rc1 c5 12. dxc5 Nxc5 13. Nd4 Bf6 14. Bg3 Bxa2 15. b4 Nb3 16. Nxb3 Qxd1 17. Bxd1 Rac8 18. Rxc8 Rxc8 19. Nd4 Be7 20. b5 Bd5 21. Bb3 Bf6 22. Bxd5 exd5 23. Nc6 Bc3 1-0


[Site "https://www.chess.com"]

[Event "Titled Tuesday Blitz May 30 Early 2023"]
[White "Poltorak, Sebastian"]
[Black "Vaglio Munoz, Jaime"]
[WhiteFideId "1199498"]
[BlackFideId "6500145"]
[WhiteElo "2195"]
[BlackElo "2199"]
[Result "0-1"]
[Round "03"]
[TimeControl "180+2"]
[Date "2023.05.30"]
[WhiteClock "0:00:01"]
[BlackClock "0:00:20"]

1. e4 c5 2. Nf3 Qa5 3. b3 Nc6 4. Bb2 d6 5. Be2 Nf6 6. e5 dxe5 7. Nxe5 Nxe5 8. Bxe5 e6 9. O-O Be7 10. d4 O-O 11. dxc5 Rd8 12. Bd3 Qxc5 13. Qe2 Bd7 14. Nd2 Bc6 15. Rad1 Rd5 16. Bxf6 Bxf6 17. Ne4 Qe7 18. Nxf6+ Qxf6 19. Be4 Re5 20. f3 Qg6 21. Bxg6 Rxe2 22. Bd3 Re3 23. f4 e5 24. fxe5 Rxe5 25. Bc4 Rf8 26. Rd2 g6 27. Rdf2 Re7 28. Rf6 Kg7 29. g4 a6 30. a4 h6 31. h4 g5 32. hxg5 hxg5 33. a5 Be4 34. R6f2 Bg6 35. Bd5 Rd8 36. c4 Rdd7 37. Kh2 Re3 38. Rf3 Rxf3 39. Rxf3 Kf8 40. Kg3 Ke7 41. b4 Kd6 42. Kf2 Re7 43. Rf6+ Kc7 44. Rb6 Kc8 45. b5 axb5 46. cxb5 Rc7 47. a6 bxa6 48. bxa6 Rc2+ 49. Ke3 Rc3+ 50. Kd2 Rd3+ 51. Ke2 Rxd5 52. Rc6+ Kd7 53. Rb6 Re5+ 54. Kf3 Be4+ 55. Ke3 Bc6+ 56. Kd4 Rd5+ 57. Kc4 Ra5 58. Kb4 Ra4+ 59. Kb3 Rxg4 60. a7 Rg3+ 61. Kb2 Be4 62. Rb4 Bd5 63. Rb5 Rg2+ 64. Kb1 Bc6 65. Rb6 Ra2 66. Rxc6 Kxc6 67. Kxa2 Kb7 0-1


[Site "https://www.chess.com"]

[Event "Titled Tuesday Blitz May 30 Early 2023"]
[White "lluiss"]
[Black "Romkachess"]
[WhiteElo "2315"]
[BlackElo "2554"]
[Result "0-1"]
[Round "03"]
[TimeControl "180+2"]
[Date "2023.05.30"]
[WhiteClock "0:00:00"]
[BlackClock "0:00:12"]

1. Nf3 Nf6 2. d4 e6 3. Bf4 d5 4. e3 Bd6 5. Bxd6 Qxd6 6. c3 c5 7. Ne5 Nc6 8. f4 Ne7 9. Bd3 cxd4 10. cxd4 O-O 11. O-O Ne4 12. Nc3 f5 13. Rc1 a6 14. Na4 Nc6 15. Nxc6 bxc6 16. Bxe4 fxe4 17. Nc5 Rb8 18. b3 a5 19. Rf2 Bd7 20. Nxd7 Qxd7 21. Rfc2 Rfc8 22. Qd2 Rb5 23. Rc5 Qb7 24. Qc3 Rxc5 25. Qxc5 Qc7 26. h3 Kf7 27. Rc3 Qb7 28. Qa3 Qb4 29. Qc1 h6 30. Kh2 Qb5 31. Rc5 Qb6 32. Qc3 Qb4 33. Qc2 Qe1 34. Qc3 Qxc3 35. Rxc3 a4 36. bxa4 Ke7 37. Rc5 Kd6 38. a5 Ra8 39. Kg3 g6 40. h4 Kc7 41. h5 gxh5 42. Kh4 Rg8 43. Kxh5 Rxg2 44. a6 Rxa2 45. Kxh6 Rxa6 46. Kg5 Ra3 47. Kf6 Kd6 48. f5 exf5 49. Kxf5 Rxe3 50. Kf4 Rd3 51. Ra5 Rxd4 52. Ra8 Rd1 53. Rd8+ Kc5 54. Rc8 Kd4 55. Rxc6 Rf1+ 56. Kg3 e3 57. Kg2 Rf2+ 58. Kg1 Rf7 59. Rd6 Ke4 60. Ra6 d4 61. Ra3 e2 62. Ra1 Ke3 0-1


[Site "https://www.chess.com"]

[Event "Titled Tuesday Blitz May 30 Early 2023"]
[White "Tsyhanchuk, Stanislav"]
[Black "Garv Gaur"]
[WhiteFideId "13505130"]
[BlackFideId "45030839"]
[WhiteElo "2173"]
[BlackElo "2068"]
[Result "0-1"]
[Round "03"]
[TimeControl "180+2"]
[Date "2023.05.30"]
[WhiteClock "0:00:00"]
[BlackClock "0:00:03"]

1. c4 Nf6 2. Nc3 c5 3. e4 Nc6 4. Nge2 d6 5. d4 cxd4 6. Nxd4 g6 7. Be2 Bg7 8. Be3 O-O 9. O-O Bd7 10. Rc1 Rc8 11. b3 Qc7 12. f4 Rfd8 13. g4 Nxd4 14. Bxd4 Bc6 15. Qc2 e5 16. fxe5 dxe5 17. Be3 Rd4 18. Bf3 Rdd8 19. Qg2 Qe7 20. Nd5 Bxd5 21. exd5 e4 22. Bd1 Nd7 23. Bc2 Re8 24. Rce1 b5 25. Qe2 bxc4 26. bxc4 Ne5 27. Ba4 Red8 28. Bb3 Nd3 29. Rd1 Qd7 30. Rxd3 exd3 31. Qf3 a5 32. c5 Rf8 33. c6 Qd6 34. Qf2 Qb4 35. Bc5 Qxg4+ 36. Kh1 Qe4+ 37. Kg1 Bh6 38. Re1 Qg4+ 39. Qg3 Qxg3+ 40. hxg3 Rfe8 41. Rd1 d2 42. Ba4 Re4 43. Bb5 Re1+ 44. Kf2 Rxd1 45. Be2 Re1 0-1


[Site "https://www.chess.com"]

[Event "Titled Tuesday Blitz May 30 Early 2023"]
[White "Gheorghiu, Calin"]
[Black "Zaksaite, Salomeja"]
[WhiteFideId "1200305"]
[BlackFideId "12801496"]
[WhiteElo "2223"]
[BlackElo "2059"]
[Result "1-0"]
[Round "03"]
[TimeControl "180+2"]
[Date "2023.05.30"]
[WhiteClock "0:00:16"]
[BlackClock "0:00:01"]

1. d4 Nf6 2. c4 g6 3. Nc3 Bg7 4. e4 d6 5. f3 O-O 6. Be3 c5 7. Nge2 Qa5 8. d5 e6 9. Qd2 exd5 10. cxd5 b5 11. h4 b4 12. Nd1 Ba6 13. g4 Nbd7 14. Ng3 Ne5 15. Be2 Bxe2 16. Kxe2 Nc4 17. Qc1 Nxe3 18. Nxe3 Rfe8 19. h5 c4 20. Nxc4 Qxd5 21. Rd1 Qb5 22. Kf2 Rac8 23. Nxd6 Qb6+ 24. Qe3 Rc2+ 25. Ne2 Qxe3+ 26. Kxe3 Rd8 27. hxg6 hxg6 28. e5 Nd7 29. f4 Rb8 30. Rac1 Rxb2 31. Rc7 Nb6 32. Nxf7 Rxa2 33. Ng5 b3 34. Nc3 Rc2 35. Ne6 b2 36. Rxg7+ Kh8 37. Rh1+ Rh2 38. Rxh2# 1-0


[Site "https://www.chess.com"]

[Event "Titled Tuesday Blitz May 30 Early 2023"]
[White "Mortazavi, Ali"]
[Black "Wang, Ricky"]
[WhiteFideId "401323"]
[BlackFideId "2071916"]
[WhiteElo "2339"]
[BlackElo "2287"]
[Result "1-0"]
[Round "03"]
[TimeControl "180+2"]
[Date "2023.05.30"]
[WhiteClock "0:00:17"]
[BlackClock "0:00:19"]

1. Nf3 c5 2. g3 Nc6 3. Bg2 g6 4. O-O Bg7 5. d3 d6 6. e4 e6 7. c3 Nge7 8. d4 b6 9. d5 Na5 10. dxe6 Bxe6 11. Ng5 Bc4 12. Re1 O-O 13. Na3 Ba6 14. Bf4 Nb7 15. Qa4 Na5 16. Rad1 h6 17. Nf3 Qe8 18. Qxe8 Rfxe8 19. Bxd6 Rad8 20. Bh3 Nc8 21. Bc7 Rxd1 22. Rxd1 Be2 23. Rd8 Rxd8 24. Bxd8 Bxf3 25. Bxc8 Bxe4 26. Nb5 Nc4 27. b3 Nd2 28. Nxa7 Nf3+ 29. Kf1 Bd3+ 30. Kg2 Ne1+ 31. Kh3 Bxc3 32. Bxb6 h5 33. g4 Bf6 34. Bxc5 h4 35. g5 Bf5+ 36. Bxf5 gxf5 37. gxf6 1-0


[Site "https://www.chess.com"]

[Event "Titled Tuesday Blitz May 30 Early 2023"]
[White "Roberson, Peter T"]
[Black "Cesar Maestre, Bernardo"]
[WhiteFideId "412384"]
[BlackFideId "24542547"]
[WhiteElo "2346"]
[BlackElo "2271"]
[Result "1-0"]
[Round "03"]
[TimeControl "180+2"]
[Date "2023.05.30"]
[WhiteClock "0:00:04"]
[BlackClock "0:00:00"]

1. e4 c6 2. d4 d5 3. Nd2 dxe4 4. Nxe4 Bf5 5. Ng3 Bg6 6. Nf3 Nd7 7. h4 h6 8. Bd3 Bxd3 9. Qxd3 e6 10. O-O Ngf6 11. Re1 Be7 12. Bf4 O-O 13. Rad1 Nd5 14. Bd2 Bxh4 15. c4 N5b6 16. Nxh4 Qxh4 17. Re4 Qe7 18. Nf5 Qf6 19. Nd6 c5 20. Rg4 cxd4 21. Qg3 Kh8 22. Ne4 Qe5 23. Bf4 Qxe4 24. Bxh6 Qxg4 25. Qxg4 gxh6 26. Qxd4+ e5 27. Qh4 Kh7 28. Qe4+ f5 29. Qxb7 Rad8 30. c5 Rb8 31. Qxa7 Ra8 32. Qb7 Rfb8 33. Rxd7+ Nxd7 34. Qxd7+ Kg6 35. Qe6+ Kg5 36. c6 Re8 37. Qf7 Rac8 38. c7 Kf4 39. b4 Ke4 40. b5 Rf8 41. Qd7 f4 42. b6 1-0


[Site "https://www.chess.com"]

[Event "Titled Tuesday Blitz May 30 Early 2023"]
[White "Belov, Alexei"]
[Black "Dylag, Emilia"]
[WhiteFideId "4128206"]
[BlackFideId "21805172"]
[WhiteElo "2544"]
[BlackElo "1878"]
[Result "1-0"]
[Round "03"]
[TimeControl "180+2"]
[Date "2023.05.30"]
[WhiteClock "0:01:33"]
[BlackClock "0:01:40"]

1. e4 e5 2. Nf3 Nc6 3. Bb5 a6 4. Ba4 f6 5. O-O b5 6. Bb3 Bb7 7. c3 Nge7 8. d4 Ng6 9. Bd5 Be7 10. a4 Na5 11. Bxb7 Nxb7 12. Qb3 Na5 13. Qa2 Nc4 14. Nbd2 d5 15. exd5 Qxd5 16. axb5 Nb6 17. Qxd5 Nxd5 18. bxa6 O-O 19. dxe5 fxe5 20. Ne4 Nb6 21. b3 c6 22. c4 Bc5 23. Nxc5 1-0


[Site "https://www.chess.com"]

[Event "Titled Tuesday Blitz May 30 Early 2023"]
[White "agvania123"]
[Black "Berezin, Viktor"]
[BlackFideId "14107872"]
[WhiteElo "2259"]
[BlackElo "2310"]
[Result "1/2-1/2"]
[Round "03"]
[TimeControl "180+2"]
[Date "2023.05.30"]
[WhiteClock "0:00:10"]
[BlackClock "0:00:12"]

1. Nf3 Nf6 2. c4 g6 3. Nc3 Bg7 4. e4 O-O 5. d3 d6 6. g3 c6 7. Bg2 a6 8. O-O Nbd7 9. Re1 e5 10. d4 Qc7 11. h3 Rd8 12. Be3 Nf8 13. Qc2 exd4 14. Nxd4 Ne6 15. Rad1 Nxd4 16. Bxd4 Be6 17. b3 Rac8 18. f4 b5 19. cxb5 axb5 20. e5 dxe5 21. Bxe5 Qb6+ 22. Kh2 Ne8 23. Ne4 Bf5 24. Bxg7 Bxe4 25. Qxe4 Nxg7 26. Rxd8+ Qxd8 27. b4 Nf5 28. Rc1 Qd6 29. Rxc6 Rxc6 30. Qxc6 Qxb4 31. Qe8+ Kg7 32. Qe5+ f6 33. Qc7+ Kh6 34. g4 Nh4 35. Qc1 g5 36. fxg5+ fxg5 37. Qc6+ Ng6 38. Be4 Qd2+ 39. Kg3 Qf4+ 40. Kg2 Qd2+ 41. Kg3 Qxa2 42. Bxg6 hxg6 43. Qxb5 Qa3+ 44. Kg2 Qa2+ 45. Kg3 Qa3+ 46. Kg2 Qd6 47. Qe2 Kg7 48. Qb2+ Kh7 49. Qb7+ Kh6 50. Qc8 Qd2+ 51. Kg3 Qf4+ 52. Kg2 Qd2+ 53. Kg3 Qe3+ 54. Kg2 Qe2+ 55. Kg3 Qe3+ 56. Kg2 Qe2+ 57. Kg3 Qe3+ 1/2-1/2


[Site "https://www.chess.com"]

[Event "Titled Tuesday Blitz May 30 Early 2023"]
[White "hakanazeri2"]
[Black "FunnyDuck66"]
[WhiteElo "2540"]
[BlackElo "2251"]
[Result "0-1"]
[Round "03"]
[TimeControl "180+2"]
[Date "2023.05.30"]
[WhiteClock "0:00:00"]
[BlackClock "0:00:15"]

1. e4 c6 2. d4 d5 3. Nc3 dxe4 4. Nxe4 Nf6 5. Nxf6+ exf6 6. c3 Bd6 7. Bd3 Na6 8. Qc2 h5 9. Ne2 Nc7 10. Bf4 Nd5 11. Bxd6 Qxd6 12. O-O-O Be6 13. Ng3 Kf8 14. a3 b5 15. Ne4 Qc7 16. Nc5 Nb6 17. Nxe6+ fxe6 18. Rhe1 Qd6 19. g3 a5 20. Qe2 Kf7 21. Qe4 f5 22. Qe5 Qxe5 23. Rxe5 g6 24. Rde1 Rhe8 25. f4 Kf6 26. R5e2 a4 27. h3 Nd5 28. Rf2 Rh8 29. Rg1 Rag8 30. h4 Rb8 31. Kd2 Rhe8 32. Ke2 Nb6 33. Kf3 Nc4 34. Re2 Re7 35. Rge1 Kf7 36. Rf2 Kf6 37. Ree2 Kf7 38. Kg2 Rd7 39. Bxc4 bxc4 40. Re5 Rd5 41. Ree2 Rdb5 42. Kf1 Ke7 43. Ke1 Kd7 44. Kd1 Rd5 45. Kc1 Kd6 46. Re3 Re8 47. Rfe2 Re7 48. Re5 Re8 49. Kc2 Re7 50. Rxd5+ cxd5 51. Re5 Re8 52. Kd2 Re7 53. Kc1 Re8 54. Re2 Re7 55. Kd1 Re8 56. Ke1 Re7 57. Kd1 Re8 58. b3 axb3 59. Kc1 Ra8 60. Kb2 Ra6 61. Rf2 Rb6 62. Re2 Ra6 63. Re1 Rb6 64. Ra1 Ra6 65. a4 Ra5 66. Ka3 Kc6 67. Rb1 Ra6 68. Kb4 Rb6+ 69. Ka3 Ra6 70. Re1 Kd6 71. Ra1 Kc6 72. Rb1 Kd6 73. Kb4 Kc6 74. a5 Ra8 75. Rb2 Rb8+ 76. Ka4 Ra8 77. Re2 Kd6 78. Rb2 Kc6 79. Rb1 Kd6 80. Kb5 Rb8+ 81. Ka6 Kc6 82. Ka7 Rb7+ 83. Ka8 Rb5 84. a6 Kb6 85. a7 Ra5 86. Kb8 Rxa7 0-1


[Site "https://www.chess.com"]

[Event "Titled Tuesday Blitz May 30 Early 2023"]
[White "Coelho, Ramyres Santana"]
[Black "Shvedova, Alexandra"]
[WhiteFideId "2120690"]
[BlackFideId "54154782"]
[WhiteElo "1888"]
[BlackElo "1973"]
[Result "0-1"]
[Round "03"]
[TimeControl "180+2"]
[Date "2023.05.30"]
[WhiteClock "0:00:00"]
[BlackClock "0:00:24"]

1. e4 c5 2. Nf3 Nc6 3. d4 cxd4 4. c3 dxc3 5. Nxc3 d6 6. h3 Nf6 7. Bc4 e6 8. O-O Be7 9. Qe2 a6 10. Rd1 Qc7 11. Bf4 O-O 12. Rac1 b5 13. Nxb5 axb5 14. Bxb5 Bd7 15. Bxc6 Bxc6 16. Nd4 e5 17. Nxc6 exf4 18. e5 dxe5 19. Nxe5 Qb7 20. a3 Rac8 21. Rxc8 Rxc8 22. Nf3 Bf8 23. b4 Ne4 24. Qd3 Nc3 25. Rd2 Ne4 26. Rc2 Rxc2 27. Qxc2 g6 28. Qb3 Bc5 29. Ne5 Bxf2+ 30. Kh2 Bg3+ 31. Kh1 Qa7 32. Ng4 Nf2+ 33. Nxf2 Qxf2 34. Qd1 f3 35. Qxf3 Qe1+ 0-1


[Site "https://www.chess.com"]

[Event "Titled Tuesday Blitz May 30 Early 2023"]
[White "Nugumanov, Bakhtiyar"]
[Black "Lehtosaari, Mauri"]
[WhiteFideId "13701797"]
[BlackFideId "501999"]
[WhiteElo "2209"]
[BlackElo "2538"]
[Result "0-1"]
[Round "03"]
[TimeControl "180+2"]
[Date "2023.05.30"]
[WhiteClock "0:00:00"]
[BlackClock "0:00:17"]

1. Nf3 d5 2. g3 Nf6 3. Bg2 c6 4. c4 Bf5 5. O-O e6 6. cxd5 cxd5 7. Qb3 Qb6 8. Qxb6 axb6 9. d3 Nc6 10. Nc3 h6 11. Bd2 Be7 12. Rfc1 O-O 13. Nb5 Rfc8 14. a3 Nd7 15. b4 Bf6 16. Rab1 Be7 17. Be3 Bg4 18. h3 Bh5 19. g4 Bg6 20. Ne1 Bg5 21. f4 Be7 22. Bf2 h5 23. e4 dxe4 24. dxe4 f6 25. f5 Bf7 26. Nd3 Nce5 27. Nxe5 Nxe5 28. Bxb6 hxg4 29. hxg4 Nxg4 30. Nc7 Rxa3 31. fxe6 Bg6 32. Nd5 Rxc1+ 33. Rxc1 Bd6 34. Rc8+ Kh7 35. e7 Ra1+ 36. Bf1 Bxe7 37. Nxe7 Bxe4 38. Bd4 Rd1 39. Bf2 Bd3 40. Kg2 Rxf1 41. Bg3 Rd1 42. Rc5 Be4+ 43. Kh3 Nh6 44. Bh2 Rd3+ 45. Bg3 f5 46. Kh2 Ng4+ 47. Kh3 Nf6 0-1


[Site "https://www.chess.com"]

[Event "Titled Tuesday Blitz May 30 Early 2023"]
[White "robertoalejandro10"]
[Black "Larina, Maria"]
[BlackFideId "24113182"]
[WhiteElo "2538"]
[BlackElo "1848"]
[Result "1-0"]
[Round "03"]
[TimeControl "180+2"]
[Date "2023.05.30"]
[WhiteClock "0:00:10"]
[BlackClock "0:00:09"]

1. Nf3 f5 2. d3 d6 3. e4 e5 4. exf5 Bxf5 5. Nc3 Nf6 6. g3 Be7 7. Bg2 O-O 8. O-O Nc6 9. d4 Bg4 10. dxe5 Nxe5 11. Bf4 Nxf3+ 12. Bxf3 Bxf3 13. Qxf3 c6 14. Rad1 d5 15. Qe3 Re8 16. Rfe1 Bd6 17. Qd2 Bxf4 18. Qxf4 Qb6 19. b3 Qa5 20. Qd2 Qc5 21. h3 b5 22. a4 b4 23. Na2 a5 24. c3 Ne4 25. cxb4 axb4 26. Qe3 Qa5 27. Qd4 Rf8 28. Re2 Rab8 29. Kg2 Rf7 30. Rc1 Rbf8 31. f4 Qc7 32. Nxb4 c5 33. Nxd5 Qc6 34. Qxe4 Qd6 35. Qf3 Rd7 36. Rd2 Qc6 37. Rcd1 Qb7 38. Ne3 Qxf3+ 39. Kxf3 Re7 40. Nc4 Rfe8 41. Rd3 Re2 42. R1d2 Re1 43. Nd6 Rf1+ 44. Kg4 Re2 45. h4 Rfe1 46. Rxe2 Rxe2 47. Nf5 Re7 48. Nxe7+ Kf7 49. Nd5 Ke6 50. Nc3 c4 51. bxc4 Ke7 52. Rd5 g5 53. a5 h5+ 54. Kxg5 Ke6 55. a6 Ke7 56. a7 1-0


[Site "https://www.chess.com"]

[Event "Titled Tuesday Blitz May 30 Early 2023"]
[White "Tarnowska, Aleksandra"]
[Black "Aggelis, Nikolaos"]
[WhiteFideId "1180967"]
[BlackFideId "4213220"]
[WhiteElo "1776"]
[BlackElo "2189"]
[Result "0-1"]
[Round "03"]
[TimeControl "180+2"]
[Date "2023.05.30"]
[WhiteClock "0:00:02"]
[BlackClock "0:01:00"]

1. e4 c6 2. d4 d5 3. Nc3 dxe4 4. Nxe4 Nf6 5. Nxf6+ exf6 6. Nf3 Bd6 7. Be3 O-O 8. Qd2 Nd7 9. Bd3 Re8 10. O-O-O a5 11. Nh4 g6 12. Rde1 b5 13. Bf4 Rxe1+ 14. Rxe1 Bb4 15. c3 Bf8 16. Bh6 a4 17. Bxf8 Nxf8 18. a3 Be6 19. Qh6 Qd5 20. f4 b4 21. f5 bxc3 22. fxe6 cxb2+ 23. Kb1 Nxe6 24. Nxg6 fxg6 25. Bxg6 hxg6 26. Qxg6+ Ng7 27. Re7 Qf5+ 28. Qxf5 Nxf5 29. Rc7 Nxd4 30. Kxb2 Rb8+ 31. Kc3 Nb5+ 32. Kc4 0-1


[Site "https://www.chess.com"]

[Event "Titled Tuesday Blitz May 30 Early 2023"]
[White "Bagwe Gaurang"]
[Black "Andrew_Ledger"]
[WhiteFideId "45039895"]
[WhiteElo "1847"]
[BlackElo "2179"]
[Result "1-0"]
[Round "03"]
[TimeControl "180+2"]
[Date "2023.05.30"]
[WhiteClock "0:01:15"]
[BlackClock "0:00:18"]

1. e4 e5 2. Nf3 d6 3. d4 exd4 4. Nxd4 Nf6 5. Nc3 Be7 6. f3 O-O 7. Be3 a6 8. a4 c5 9. Nb3 Be6 10. Be2 Nc6 11. O-O Re8 12. Nd5 Bxd5 13. exd5 Nb4 14. c4 Nd7 15. Qd2 Bf6 16. Rae1 Ne5 17. f4 Ng6 18. Bg4 Qc7 19. Nc1 Rxe3 20. Rxe3 Bd4 21. Ne2 Bxe3+ 22. Qxe3 Kf8 23. Ng3 Re8 24. Qc3 Ne7 25. Nh5 f6 26. Nxf6 Na2 27. Nxh7+ Kg8 28. Be6+ Kxh7 29. Qh3+ Kg6 30. Qg4+ Kh6 31. Qg5+ Kh7 32. Qh5# 1-0


[Site "https://www.chess.com"]

[Event "Titled Tuesday Blitz May 30 Early 2023"]
[White "Jakic, Ivan"]
[Black "Antonova, Nadezhda"]
[WhiteFideId "14504901"]
[BlackFideId "14700182"]
[WhiteElo "2370"]
[BlackElo "1799"]
[Result "1-0"]
[Round "03"]
[TimeControl "180+2"]
[Date "2023.05.30"]
[WhiteClock "0:00:47"]
[BlackClock "0:00:00"]

1. e4 c6 2. d4 d5 3. f3 e6 4. Nc3 Bb4 5. Bf4 dxe4 6. fxe4 Nf6 7. Qd3 O-O 8. Ne2 c5 9. a3 cxd4 10. axb4 dxc3 11. Nxc3 Nc6 12. b5 Nb4 13. Qe2 Re8 14. Ra4 a5 15. bxa6 Nxa6 16. Be5 Nd7 17. Bg3 Ndc5 18. Ra1 b6 19. Qf2 Bb7 20. Bb5 Rf8 21. Rd1 Qc8 22. O-O Nxe4 23. Nxe4 Bxe4 24. Bd6 Qxc2 25. Bxf8 Qxf2+ 26. Rxf2 Kxf8 27. Rd7 Bg6 28. Bxa6 Rxa6 29. h3 Ra1+ 30. Kh2 Rc1 31. Rb7 Rc6 32. Rd2 Rc8 33. Rxb6 h6 34. Rb7 Kg8 35. b4 Kh7 36. b5 Rc4 37. b6 Rb4 38. Rb8 1-0


[Site "https://www.chess.com"]

[Event "Titled Tuesday Blitz May 30 Early 2023"]
[White "Cramling Bellon, Anna"]
[Black "Baches Garcia, Guillermo"]
[WhiteFideId "32009232"]
[BlackFideId "2209764"]
[WhiteElo "1976"]
[BlackElo "2532"]
[Result "1/2-1/2"]
[Round "03"]
[TimeControl "180+2"]
[Date "2023.05.30"]
[WhiteClock "0:00:05"]
[BlackClock "0:00:09"]

1. d4 d5 2. c4 e6 3. Nc3 h6 4. cxd5 exd5 5. Bf4 Nf6 6. e3 Bd6 7. Bxd6 Qxd6 8. Bd3 O-O 9. Nge2 c6 10. Ng3 Qe7 11. O-O Ne8 12. Rc1 Nd6 13. Bb1 Nd7 14. e4 dxe4 15. Ngxe4 Nxe4 16. Nxe4 Nb6 17. Qd3 Bf5 18. Rfe1 Rfe8 19. Qf3 Bg6 20. h3 Rad8 21. Qb3 Kh7 22. Bd3 Rxd4 23. Nf6+ Qxf6 24. Bxg6+ Qxg6 25. Rxe8 Qf6 26. Rce1 Rd2 27. R8e2 Rd5 28. Qc2+ g6 29. Re7 Rb5 30. R1e6 Qxe6 31. Rxe6 fxe6 32. a4 Rf5 33. b3 Nd5 34. Qe4 Rf6 35. g4 Kg7 36. h4 g5 37. hxg5 hxg5 38. Kg2 Nf4+ 39. Kg3 Rf7 40. b4 Rd7 41. Qe5+ Kg6 42. Qb8 a6 43. Qg8+ Rg7 44. Qe8+ Rf7 45. Qg8+ Rg7 46. Qe8+ Rf7 47. Qg8+ Rg7 1/2-1/2


[Site "https://www.chess.com"]